 Dungeon Crawl Stone Soup version 0.24-a0-136-gad582e5 (webtiles) character file.

Game seed: 197363751485116283

526 galech the Chopper (level 7, 18/54 HPs)
             Began as a Demonspawn Fighter on Feb 28, 2019.
             Quit the game on level 4 of the Dungeon.
             The game lasted 00:04:04 (2674 turns).

galech the Chopper (Demonspawn Fighter)             Turns: 2674, Time: 00:04:05

Health: 18/54      AC: 12    Str: 21    XL:     7   Next: 2%
Magic:  7/7        EV:  6    Int: 10    God:
Gold:   148        SH: 10    Dex: 14    Spells: 6/6 levels left

rFire    x . .     SeeInvis .   a - +0 war axe
rCold    + . .     Gourm    .   c - +0 shield
rNeg     . . .     Faith    .   g - +0 chain mail (curse)
rPois    .         Spirit   .   (no helmet)
rElec    .         Reflect  .   (no cloak)
rCorr    .         Harm     .   (no gloves)
MR       .....                  (no boots)
Stlth    ..........             (no amulet)
HPRegen  0.18/turn              p - ring of ice
MPRegen  0.10/turn              (no ring)

@: mighty, mildly poisoned (18 -> 17)
A: talons 2, molten scales 2, demonic guardian 1
a: no special abilities


You were on level 4 of the Dungeon.
You were not hungry.

You visited 1 branch of the dungeon, and saw 4 of its levels.

You collected 148 gold pieces.

Inventory:

Hand Weapons
 a - a +0 war axe (weapon)
Armour
 b - a +0 scale mail
 c - a +0 shield (worn)
 g - a cursed +0 chain mail (worn)
Jewellery
 p - a ring of ice (left hand)
Scrolls
 d - 6 scrolls of identify {unknown}
 e - 7 scrolls of teleportation {unknown}
 k - a scroll of remove curse {unknown}
 n - a scroll of enchant armour {unknown}
 o - a scroll of fear {unknown}
 r - a scroll of blinking {unknown}
 u - a scroll of enchant weapon {unknown}
Potions
 h - 2 potions of berserk rage {unknown}
 j - 2 potions of mutation {unknown}
 l - 2 potions of brilliance {unknown}
 m - 2 potions of lignification {unknown}
 q - a potion of curing {unknown}
 t - 2 potions of magic {unknown}
Comestibles
 f - 5 rations
 i - 10 chunks of flesh


   Skills:
 + Level 4.1 Fighting
 + Level 4.6 Axes
 + Level 3.6 Armour
 + Level 1.1 Dodging
 + Level 0.3 Stealth
 + Level 4.3 Shields


You had 6 spell levels left.
You didn't know any spells.
Your spell library was empty.

Dungeon Overview and Level Annotations

Branches:
Dungeon (4/15)
 Temple: D:4-7

Altars:
Trog


Innate Abilities, Weirdness & Mutations

You have razor-sharp toenails.
You are mostly covered in molten scales. (AC +3)
A weak demonic guardian rushes to your aid.


Message History

You are too injured to fight recklessly!
You are too injured to fight recklessly!
You are too injured to fight recklessly!
You are too injured to fight recklessly!
You are too injured to fight recklessly!
Your shield and chain mail prevent you from hitting the phantom.
You claw the phantom!
The phantom is severely damaged.
The phantom blinks!
You feel sick.
The phantom blinks!
Found a green potion.
The phantom blinks!
You feel sick. The phantom hits you.
The phantom blinks!
You slash the phantom! You claw the phantom.
You destroy the phantom!
You have reached level 7!
Your demonic ancestry asserts itself...
You feel the presence of a demonic guardian.
You feel sick.
Are you sure you want to abandon this character and quit the game? (Confirm with "yes".)

♣..♣ ♣..♣ ♣..♣ ♣!.♣
♣..♣ ♣..♣
♣♣♣♣♣#..#♣♣♣♣♣♣♣###
.....!.@........'.#
.....?...†.$....'.#
♣♣♣♣♣#..#♣♣♣♣♣♣♣#.#####
♣..♣ #.....# ♣..♣
#.###.# ♣..♣ #.# #.#
♣..♣ #.###.## ♣..♣
#.##.#.# ♣..
#####.#.###.


There were no monsters in sight!

Vanquished Creatures
  Sigmund (D:2)
  A phantom (D:4)
  An ogre (D:3)
  A scorpion (D:4)
  5 adders (D:3)
  2 worms (D:2)
  3 dart slugs
  2 leopard geckos
  5 orcs (D:3)
  2 ball pythons (D:3)
  8 bats
  A giant cockroach (D:2)
  7 goblins
  4 hobgoblins
  4 jackals (D:1)
  10 kobolds
  A quokka (D:3)
  11 frilled lizards
  11 rats
80 creatures vanquished.

Notes
Turn   | Place    | Note
-------+----------+-------------------------------------------
     0 | D:1      | galech the Demonspawn Fighter began the quest for the Orb.
     0 | D:1      | Reached XP level 1. HP: 18/18 MP: 1/1
   148 | D:1      | Gained mutation: You have sharp toenails. [demonic
                  | ancestry]
   148 | D:1      | Reached XP level 2. HP: 19/24 MP: 2/2
   436 | D:1      | Reached XP level 3. HP: 29/29 MP: 3/3
   579 | D:2      | Noticed Sigmund
   598 | D:2      | Killed Sigmund
   598 | D:2      | Gained mutation: You have razor-sharp toenails. [demonic
                  | ancestry]
   598 | D:2      | Reached XP level 4. HP: 2/36 MP: 4/4
   598 | D:2      | Gained mutation: You are partially covered in molten
                  | scales. (AC +2) [demonic ancestry]
   598 | D:2      | Reached XP level 5. HP: 3/41 MP: 5/5
  1048 | D:2      | Noticed a moth of wrath
  1053 | D:2      | Found a bloodstained altar of Trog.
  2011 | D:3      | Noticed an ogre
  2019 | D:3      | Killed an ogre
  2019 | D:3      | Gained mutation: You are mostly covered in molten scales.
                  | (AC +3) [demonic ancestry]
  2019 | D:3      | Reached XP level 6. HP: 30/48 MP: 6/6
  2189 | D:3      | Reached skill level 1 in Dodging
  2673 | D:4      | Gained mutation: A weak demonic guardian rushes to your
                  | aid. [demonic ancestry]
  2673 | D:4      | Reached XP level 7. HP: 19/54 MP: 7/7
  2674 | D:4      | Quit the game

Levels and vault maps discovered:
D:1:      matt_arrival_refuge, layout_rooms
D:2:      layout_loops_ring, tgw_trog, serial_bayou_pond_e, uniq_sigmund
D:3:      layout_basic, minmay_lizard_king
D:4:      kennysheep_big_flooded_room, layout_loops_cross, first_ration,
          uniq_ijyb

Skill      XL: |  1  2  3  4  5  6 |
---------------+-------------------+-----
Armour         | 3 |  3.6
Shields        | 3 4 |  4.3
Axes           | 2 3 4 |  4.6
Dodging        | 1 |  1.1
Fighting       | 4 |  4.1
Stealth        | |  0.3

Action                   |  1- 3 |  4- 6 |  7- 9 || total
-------------------------+-------+-------+-------++-------
Melee: War axe           |    80 |   144 |       ||   224
       Kick              |    16 |    34 |       ||    50
  Use: Potion            |     1 |     1 |       ||     2
  Eat: Chunk             |       |     6 |       ||     6
Armor: Chain mail        |    56 |    76 |       ||   132
Dodge: Dodged            |    21 |    33 |       ||    54
Block: Shield            |    49 |    79 |       ||   128

Table legend:
 A = Non-vault XP
 B = Vault XP
 C = Vault XP percentage of total XP
 D = Non-vault monster count
 E = Vault monster count
 F = Vault count percentage of total count
                 A         B        C        D         E       F
            +---------+---------+-------+---------+---------+-------
      Total |     302 |     450 |  59.8 |      67 |      13 |  16.2
            +---------+---------+-------+---------+---------+-------
        D:1 |      44 |       0 |   0.0 |      24 |       0 |   0.0
        D:2 |      27 |     244 |  90.0 |      19 |       6 |  24.0
        D:3 |     231 |       7 |   2.9 |      24 |       5 |  17.2
        D:4 |       0 |     199 | 100.0 |       0 |       2 | 100.0
            +---------+---------+-------+---------+---------+-------
